 Dungeon Crawl Stone Soup version 0.30-a0-168-g0b976cbdc4 (webtiles) character file.

Game seed: 817469493220987291

103 qw the Chopper (level 4, -2/28 HPs)
             Began as a Gargoyle Fighter on Sept 29, 2022.
             Slain by Edmund
             ... wielding a +0 flail of protection
              (4 damage)
             ... on level 4 of the Dungeon.
             The game lasted 00:00:59 (3191 turns).

qw the Chopper (Gargoyle Fighter)                   Turns: 3191, Time: 00:01:00

Health: -2/28      AC: 13    Str: 21    XL:     4   Next: 79%
Magic:  0/4        EV:  7    Int:  9    God:
Gold:   195        SH:  4    Dex:  9    Spells: 3/3 levels left

rFire   + . .      SeeInvis .    Y - +1 war axe
rCold   . . .      Faith    .    c - +0 buckler
rNeg    + . .      Spirit   +    e - +0 chain mail
rPois   inf        Reflect  .    (no helmet)
rElec   +          Harm     .    (no cloak)
rCorr   .          Rampage  .    l - +0 pair of gloves
Will    .....                    (no boots)
Stlth   ..........               q - amulet of guardian spirit
HPRegen 0.09/turn                m - ring of protection from fire
MPRegen 0.09/turn                (no ring)

@: no status effects
A: sickness immunity, AC +3, negative energy resistance 1, electricity
resistance, torment resistance 1, petrification resistance
a: no special abilities


You were on level 4 of the Dungeon.
You visited 1 branch of the dungeon, and saw 4 of its levels.

You collected 195 gold pieces.


Innate Abilities, Weirdness & Mutations

You are immune to sickness and miasma.
Your stone body is resilient. (AC +3)
You are immune to poison.
You resist negative energy. (rN+)
You are resistant to electric shocks. (rElec)
You are resistant to unholy torment.
You are immune to petrification.


   Skills:
 - Level 3.2 Fighting
 + Level 4.4 Axes
 - Level 3.2 Armour
 - Level 3.2 Shields


You had 3 spell levels left.
You didn't know any spells.
Your spell library was empty.

Inventory:

Hand Weapons
 h - a +0 whip
 Y - a +1 war axe (weapon)
Missiles
 p - 2 boomerangs of dispersal (quivered)
Armour
 c - a +0 buckler (worn)
 e - a +0 chain mail (worn)
 l - a +0 pair of gloves (worn)
Jewellery
 m - a ring of protection from fire (left hand)
 o - a ring of ice
 q - an amulet of guardian spirit (around neck)
Scrolls
 f - 2 scrolls of identify
 g - a scroll of immolation {unknown}
Potions
 a - a potion of haste
 b - 2 potions of resistance
 d - 2 potions of might
 i - a potion of curing

Dungeon Overview and Level Annotations

Branches:
Dungeon (4/15)
 Temple: D:4-7

Altars:

Annotations:
D:4 Edmund


Message History

You slash the gnoll! You hit the gnoll but do no damage.
You block the gnoll's attack.
Edmund says, "I might not be good at magic, but I can still kill you!"
Edmund hits you but does no damage. The gnoll barely misses you.
The gnoll hits you but does no damage.
You slash the gnoll!
You kill the gnoll!
You barely miss Edmund. You slash the gnoll!
Edmund hits you with a +0 flail of protection.
The gnoll barely misses you.
You barely miss the gnoll.
The gnoll is severely wounded.
You barely miss Edmund. The gnoll hits you but does no damage.
Edmund hits you but does no damage.
The gnoll hits you from afar with a +0 halberd.
You slash the gnoll!
You kill the gnoll!
You barely miss Edmund. You block the gnoll's attack.
Edmund hits you but does no damage. The gnoll barely misses you.
Edmund hits you but does no damage.
You slash Edmund!
Edmund is moderately wounded.
Edmund hits you but does no damage.
The gnoll hits you from afar with a +0 halberd.
You hit Edmund.
Edmund is moderately wounded.
The gnoll hits you but does no damage. Edmund hits you but does no damage.
You hit Edmund but do no damage.
Edmund is moderately wounded.
The gnoll hits you but does no damage. Edmund barely misses you.
Edmund hits you but does no damage.
The gnoll hits you from afar with a +0 halberd.
You hit Edmund but do no damage.
Edmund is moderately wounded.
Edmund gestures with his flail.
Edmund barely misses you. The gnoll hits you but does no damage.
You closely miss Edmund.
Edmund is moderately wounded.
Edmund hits you with a +0 flail of protection.
You die...

#########
.......# .......
#..... #.... #.g.
#@)# #)@#####
+....[.# #..##..#
###+####..##..#
#.............#
#.........##..#
#.....##..##..#
.##.....##......#
........#.......#


You could see Edmund and a gnoll.

Vanquished Creatures
  An adder (D:2)
  3 gnolls (D:4)
  2 dart slugs
  6 bats
  5 endoplasms
  3 giant cockroaches
  5 hobgoblins
  4 jackals (D:1)
  7 ball pythons
  4 frilled lizards
  6 goblins
  7 kobolds
  7 rats
60 creatures vanquished.

Vanquished Creatures (others)
  A toadstool (D:1)
1 creature vanquished.

Grand Total: 61 creatures vanquished

Notes
Turn   | Place    | Note
-------+----------+-------------------------------------------
     0 | D:1      | qw the Gargoyle Fighter began the quest for the Orb.
     0 | D:1      | Reached XP level 1. HP: 14/14 MP: 1/1
     0 | D:1      | 0 ||| qw: Version: 0.2-a-12-gaebbb33
     0 | D:1      | 0 ||| qw: Game counter: 1164
     0 | D:1      | 0 ||| qw: Always use a shield: true
     0 | D:1      | 0 ||| qw: God list: Okawaru
     0 | D:1      | 0 ||| qw: Allow faded altars: false
     0 | D:1      | 0 ||| qw: Do Orc after D:15 true
     0 | D:1      | 0 ||| qw: Do second Lair branch before Depths: true
     0 | D:1      | 0 ||| qw: Lair rune preference: random
     0 | D:1      | 0 ||| qw: Plans: Normal, Zot:1-4, God:TSO, Crypt, Tomb,
                  | Pan, Slime:5, Hells, Abyss, Orb
     0 | D:1      | 0 ||| PLANNING D:1-11
    48 | D:1      | Reached skill level 2 in Axes
   197 | D:1      | 197 ||| DROPPING +0 club.
   204 | D:1      | Reached XP level 2. HP: 19/19 MP: 2/2
   685 | D:1      | Found a faded altar of an unknown god.
   835 | D:1      | Reached skill level 3 in Axes
  1116 | D:1      | 1116 ||| READING scroll labelled VEWKEE HANT.
  1160 | D:1      | 1160 ||| READING 2 scrolls labelled TABBAA DUOWNOU.
  1161 | D:1      | 1161 ||| READING scroll labelled CATSUI MY JUMA.
  1162 | D:1      | 1162 ||| READING scroll labelled XERUQU VUDERUI.
  1185 | D:2      | 1185 ||| Stepping ~*~*~tactically~*~*~ (stealth).
  1191 | D:2      | Reached XP level 3. HP: 23/23 MP: 3/3
  1380 | D:2      | 1380 ||| Stepping ~*~*~tactically~*~*~ (stealth).
  1983 | D:2      | 1983 ||| UPGRADING to +0 chain mail.
  1993 | D:2      | 1993 ||| DROPPING +0 scale mail.
  1994 | D:2      | 1994 ||| UPGRADING to +0 pair of gloves.
  1999 | D:2      | 1999 ||| UPGRADING to ring of protection from fire.
  2000 | D:2      | 2000 ||| READING scroll labelled BILUJO KASK.
  2001 | D:2      | 2001 ||| READING scroll labelled SAVUM YPAGA.
  2002 | D:2      | 2002 ||| READING scroll labelled VUJISU YPOKI.
  2003 | D:2      | 2003 ||| READING 3 scrolls of identify.
  2003 | D:2      | 2003 ||| IDENTIFYING fuming dark potion
  2004 | D:2      | 2004 ||| READING 2 scrolls of identify.
  2004 | D:2      | 2004 ||| IDENTIFYING emerald potion
  2215 | D:3      | Reached XP level 4. HP: 26/28 MP: 4/4
  2774 | D:3      | Reached skill level 4 in Axes
  2846 | D:3      | 2846 ||| Stepping ~*~*~tactically~*~*~ (stealth).
  3070 | D:3      | 3070 ||| UPGRADING to amulet of guardian spirit.
  3075 | D:3      | 3075 ||| READING scroll labelled JAAFEPIK RINAJ.
  3076 | D:3      | 3076 ||| READING scroll labelled GOBLOU FATWAH.
  3077 | D:3      | 3077 ||| READING 2 scrolls labelled USUUNGUCZI.
  3078 | D:3      | 3078 ||| DRINKING 3 orange potions.
  3079 | D:3      | 3079 ||| READING 3 scrolls of identify.
  3079 | D:3      | 3079 ||| IDENTIFYING fizzy golden potion
  3080 | D:3      | 3080 ||| DROPPING potion of berserk rage.
  3081 | D:3      | 3081 ||| DROPPING scroll of amnesia.
  3106 | D:4      | 3106 ||| STAIRDANCE
  3174 | D:4      | Noticed Edmund
  3187 | D:4      | HP: 4/28 [gnoll/+0 halberd (5)]
  3191 | D:4      | Slain by Edmund

Levels and vault maps discovered:
D:1:      nagdon_arrival_zigzag_paths, layout_basic,
          shapermc_ecumenical_altar_petra, minmay_misc_feat_pillars
D:2:      layout_loops_ring
D:3:      layout_basic, nicolae_overflow_hidden_temple, hex_medium
D:4:      layout_gridville, nicolae_qazlal_scattered_showers, minmay_vboxes,
          uniq_edmund

Skill      XL: |  1  2  3  4 |
---------------+-------------+-----
Axes           | 2 3 4 |  4.4
Fighting       | |  3.2
Armour         | |  3.2
Shields        | |  3.2

Action                   |  1- 3 |  4- 6 || total
-------------------------+-------+-------++-------
Melee: War axe           |   139 |    73 ||   212
Throw: Boomerang         |       |     1 ||     1
  Use: Scroll            |     9 |     4 ||    13
       Potion            |       |     1 ||     1
Armor: Scale mail        |    71 |       ||    71
       Chain mail        |     7 |    66 ||    73
Dodge: Dodged            |    54 |    22 ||    76
Block: Buckler           |    29 |    13 ||    42

Table legend:
 A = Non-vault XP
 B = Vault XP
 C = Vault XP percentage of total XP
 D = Non-vault monster count
 E = Vault monster count
 F = Vault count percentage of total count
                 A         B        C        D         E       F
            +---------+---------+-------+---------+---------+-------
      Total |     148 |       0 |   0.0 |      60 |       0 |   0.0
            +---------+---------+-------+---------+---------+-------
        D:1 |      33 |       0 |   0.0 |      19 |       0 |   0.0
        D:2 |      43 |       0 |   0.0 |      19 |       0 |   0.0
        D:3 |      26 |       0 |   0.0 |      17 |       0 |   0.0
        D:4 |      46 |       0 |   0.0 |       5 |       0 |   0.0
            +---------+---------+-------+---------+---------+-------
